 Dungeon Crawl Stone Soup version 0.29.1-15-g9cfb28693d (webtiles) character file.

Game seed: 1757853968484479754

24 croobank the Sneak (level 3, 0/26 HPs)
             Began as an Octopode Delver on Feb 23, 2023.
             Succumbed to an adder's poison
             ... in a sewer.
             The game lasted 00:02:16 (554 turns).

croobank the Sneak (Octopode Delver)                 Turns: 554, Time: 00:02:17

Health: 0/26       AC:  1    Str: 11    XL:     3   Next: 2%
Magic:  3/3        EV: 13    Int: 14    God:
Gold:   27         SH:  0    Dex: 13    Spells: 2/2 levels left

rFire   . . .      SeeInvis .   a - +0 hand axe
rCold   . . .      Faith    .   (no shield)
rNeg    . . .      Spirit   .   (helmet restricted)
rPois   .          Reflect  .   (no amulet)
rElec   .          Harm     .   (no ring)
rCorr   .          Rampage  .   (no ring)
Will    .....                   (no ring)
Stlth   ++++......              (no ring)
HPRegen 0.08/turn               (no ring)
MPRegen 0.08/turn               (no ring)
                                (no ring)
                                (no ring)

@: lethally poisoned (0 -> -1), hasted, very quick
A: almost no armour, amphibious, 8 rings, camouflage 1, gelatinous body 1,
(nimble swimmer 1), tentacles
a: no special abilities


You were in a sewer.
You visited 1 branch of the dungeon, and saw 3 of its levels.
You also visited: Sewer.

You collected 27 gold pieces.

Inventory:

Hand Weapons
 a - a +0 hand axe (weapon)
Missiles
 g - 6 poisoned darts (quivered)
Wands
 f - a wand of digging (3)
Scrolls
 b - a scroll of fog
 c - a scroll of magic mapping


   Skills:
 + Level 3.3 Fighting
 + Level 2.4 Axes
 + Level 2.3 Dodging
 + Level 6.9 Stealth


You had 2 spell levels left.
You didn't know any spells.
Your spell library was empty.

Dungeon Overview and Level Annotations

Branches:
Dungeon (6/15)              Sewer (1/1)
 Temple: D:4-7

Altars:

Annotations:
D:5 exclusion: downstairs


Innate Abilities, Weirdness & Mutations

You cannot wear most types of armour.
You are amphibious.
You can wear up to eight rings at the same time.
Your skin changes colour to match your surroundings (Stealth+).
Your rubbery body absorbs attacks. (AC +1, EV +1)
((You are camouflaged when in or above water. (Stealth+)))
You have tentacles for arms and can constrict up to eight enemies at once.


Message History

t - Shout!
Orders for allies: a - Attack new target. r - Retreat! s - Stop attacking. g - Guard the area. f - Follow me.
Anything else - Cancel.
Gang up on whom?
Press: ? - help, Dir - move target, f - river rat
Aim: a river rat (heavily wounded)
Okay, then.
Unknown command.
Okay, then.
Unknown command.
As you read the scroll of fear, it crumbles to dust.
You assume a fearsome visage.
The river rat looks frightened!
Things that are here:
a rat corpse; a rat corpse Cornered, the river rat turns to fight!
Found an emerald potion.
An adder comes into view.
The adder hisses angrily.
The adder bites you.
* * * LOW HITPOINT WARNING * * *
You are lethally poisoned!
The adder poisons you!
You see here a scroll of fear.
Okay, then.
Okay, then.
You feel yourself speed up.
* * * LOW HITPOINT WARNING * * *
You feel sick. The adder misses you.
You hit the adder but do no damage. Your grab misses the adder.
Your squeeze misses the adder.
* * * LOW HITPOINT WARNING * * *
You feel sick. The adder barely misses you.
As you read the scroll of fear, it crumbles to dust.
You assume a fearsome visage.
The adder looks frightened!
The river rat looks frightened!
* * * LOW HITPOINT WARNING * * *
You feel sick.
You die...

###############
≈≈≈≈#≈~@~~.....
≈≈≈≈#≈~.~S.~..~
#######.#######
##r###.# ##.#.#
#..# ##.## ##
#.#†##.#
#.###.#.#


You could see an adder (fleeing) and a river rat (fleeing).

Vanquished Creatures
  A river rat (D:4)
  2 worms (D:4)
  A giant cockroach (D:4)
  A quokka (D:4)
  3 frilled lizards (Sewer)
  5 rats
13 creatures vanquished.

Notes
Turn   | Place    | Note
-------+----------+-------------------------------------------
     0 | D:5      | croobank the Octopode Delver began the quest for the Orb.
     0 | D:5      | Reached XP level 1. HP: 16/16 MP: 1/1
     9 | D:6      | Noticed an ogre
     9 | D:6      | Noticed a gnoll sergeant
     9 | D:6      | Noticed a steam dragon
    21 | D:5      | Noticed an iguana
    62 | D:4      | Reached XP level 2. HP: 4/21 MP: 2/2
   292 | D:4      | Found a glowing drain.
   493 | Sewer    | Entered a sewer
   541 | Sewer    | Reached XP level 3. HP: 14/26 MP: 3/3
   553 | Sewer    | HP: 1/26 [poisoned by an adder]
   554 | Sewer    | Succumbed to an adder's poison

Illustrated notes

Levels and vault maps discovered:
D:4:      layout_basic, elyvilon_altar_5, nicolae_ru_sacrificial_ziggurat,
          minitemple, gup_sewer_entry_bubbles, interstate_on_off, uniq_robin,
          uniq_menkaure
D:5:      layout_cave_pools, uniq_blork_the_orc
D:6:      layout_cave_pools
Sewer:    sewer_co_cracked_pipes

Action                   || total
-------------------------++-------
Melee: Hand axe          ||    26
       Constrict         ||     4
       Tentacles         ||     3
  Use: Scroll            ||     2
       Potion            ||     1
 Stab: Sleeping          ||     3
Armor: Skin              ||     1
Dodge: Dodged            ||    13
